 Dungeon Crawl Stone Soup version 0.26.0-18-gc5c842f807 (webtiles) character file.

Game seed: 16319187336328465303

7710 zcampers the Blocker (level 11, 0/101 HPs)
             Began as a Minotaur Fighter on Jan 23, 2021.
             Was a Priest of Okawaru.
             Slain by 0gre's ghost (15 damage)
             ... on level 10 of the Dungeon.
             The game lasted 00:18:43 (11090 turns).

zcampers the Blocker (Minotaur Fighter)            Turns: 11090, Time: 00:18:43

Health: 0/101      AC: 14    Str: 23    XL:     11   Next: 0%
Magic:  10/12      EV: 14    Int:  7    God:    Okawaru [***...]
Gold:   297        SH: 10    Dex: 17    Spells: 10/10 levels left

rFire    . . .     SeeInvis .   E - +1 scimitar (flame)
rCold    + . .     Faith    .   t - +2 buckler {reflect}
rNeg     . . .     Spirit   .   d - +3 ring mail {Will+}
rPois    .         Reflect  +   (helmet restricted)
rElec    .         Harm     .   b - +0 cloak
rCorr    .         Rampage  .   y - +0 pair of gloves (curse)
Will     +....                  (no boots)
Stlth    ++........             m - amulet of the acrobat
HPRegen  0.26/turn              C - +6 ring of dexterity
MPRegen  0.13/turn              s - ring of protection from cold

@: mighty, heroism
A: retaliatory headbutt, claws 1, horns 2, strong 1, MP-powered wands
a: Renounce Religion, Heroism


You were on level 10 of the Dungeon.
You worshipped Okawaru.
Okawaru was most pleased with you.
You visited 2 branches of the dungeon, and saw 11 of its levels.
You also visited: Sewer.

You collected 556 gold pieces.
You spent 259 gold pieces at shops.

Inventory:

Hand Weapons
 v - a +0 vampiric war axe
 E - a +1 scimitar of flaming (weapon)
Missiles
 D - 9 boomerangs (quivered)
Armour
 b - a +0 cloak (worn)
 c - a +0 kite shield
 d - a +3 ring mail of willpower (worn)
 t - a +2 buckler of reflection (worn)
 x - the +2 chain mail of Apnea {rCorr Int+3}
   (You found it on level 4 of the Dungeon)

   It affects your intelligence (+3).
   It provides partial protection from all sources of acid and corrosion.
 y - a cursed +0 pair of gloves (worn)
Jewellery
 m - an amulet of the acrobat (around neck)
 s - a ring of protection from cold (right hand)
 B - an uncursed ring of see invisible
 C - a +6 ring of dexterity (left hand)
Scrolls
 g - 5 scrolls of remove curse
 k - 4 scrolls of identify
 l - 4 scrolls of amnesia
 n - 2 scrolls of fear
 o - 3 scrolls of teleportation
 p - 5 scrolls of blinking
 r - 4 scrolls of enchant armour
 w - 2 scrolls of fog
Potions
 f - 2 potions of heal wounds
 h - a potion of attraction
 i - 2 potions of lignification
 j - 2 potions of might
 q - 2 potions of flight
 u - a potion of berserk rage
 A - 7 potions of curing
Miscellaneous
 e - a condenser vane


   Skills:
 + Level 10.4(15.4) Fighting
 + Level 10.1(15.1) Axes
 + Level 10.4(15.4) Armour
 + Level 10.5(15.5) Shields
 + Level 3.8 Invocations


You had 10 spell levels left.
You didn't know any spells.
Your spell library contained the following spells:

 Spells                   Type           Power        Failure   Level
 Beastly Appendage        Tmut           0%           54%         1
 Magic Dart               Conj           0%           54%         1
 Blink                    Tloc           N/A          67%         2
 Call Imp                 Summ           0%           67%         2
 Slow                     Hex            0%           67%         2
 Wereblood                Tmut           0%           67%         2
 Conjure Flame            Conj/Fire      0%           88%         3
 Mephitic Cloud           Conj/Pois/Air  0%           88%         3
 Spider Form              Tmut/Pois      0%           88%         3
 Ice Form                 Ice/Tmut       0%           99%         4
 Leda's Liquefaction      Hex/Erth       0%           99%         4
 Blade Hands              Tmut           0%           100%        5
 Bolt of Magma            Conj/Fire/Erth 0%           100%        5
 Iron Shot                Conj/Erth      0%           100%        6
 Statue Form              Tmut/Erth      0%           100%        6
 Shatter                  Erth           0%           100%        9


Dungeon Overview and Level Annotations

Branches:
Dungeon (10/15)            Temple (1/1) D:7            Lair (0/6) D:9
    Orc (0/2) D:9           Sewer (visited)

Altars:
Cheibriados
Dithmenos
Elyvilon
Fedhas
Gozag
Hepliaklqana
Makhleb
Nemelex Xobeh
Okawaru
Qazlal
Ru
Sif Muna
Trog
Uskayaw
Vehumet
Wu Jian
Xom
Yredelemnul
Zin
The Shining One

Shops:
D:7 [

Annotations:
D:4 2 transporters
D:10 0gre's ghost, journeyman GnIE


Innate Abilities, Weirdness & Mutations

You reflexively headbutt those who attack you in melee.
You have a pair of horns on your head.
You have sharp fingernails.
Your muscles are strong. (Str +2)
You expend magic power (3 MP) to strengthen your wands.


Message History

* * * LOW HITPOINT WARNING * * *
You block the 11-headed hydra's attack.
The 11-headed hydra bites you but does no damage.
You chop one of the 11-headed hydra's heads off!
The flame cauterises the wound!
You slash the ten-headed hydra! You burn the ten-headed hydra.
The ten-headed hydra is heavily wounded.
You block 0gre's ghost's attack. The ten-headed hydra misses you.
You riposte.
You barely miss the ten-headed hydra.
The ten-headed hydra is heavily wounded.
The ten-headed hydra bites you but does no damage. x2
The ten-headed hydra closely misses you.
The ten-headed hydra bites you.
* * * LOW HITPOINT WARNING * * *
The ten-headed hydra barely misses you. The ten-headed hydra bites you.
* * * LOW HITPOINT WARNING * * *
The ten-headed hydra misses you.
You block the ten-headed hydra's attack. x2 0gre's ghost hits you!
You die...

...............# #..# #......
######.........# #..# #..####
#.........# #..#####..#
#.........#####.........#
#....#####...........)..#
#...##.♣.##......#####..#
#..##.)...#......# #..#
#..#♣.....'..)...# #..#
#..#♣..)..D@.(...# #..#
######..#......W......# #..####
........##!....#......# #......
........###♣♣♣##.....># #......
........# ####.......#####......
........# #.....................
........# #.....................
........####.....)...######......
..............#####..# #.....)


You could see a ten-headed hydra and 0gre's ghost.

Vanquished Creatures
  Erica (D:10)
  Pikel (D:5)
  A manticore (D:8)
  A gargoyle (D:10)
  Maggie (D:10)
  A troll (D:7)
  Eustachio (D:5)
  A yak (D:8)
  Grum (D:10)
  3 water moccasins
  A hornet zombie (D:8)
  6 orc warriors
  4 sky beasts
  A necrophage (D:10)
  An ice beast (D:10)
  3 ogres
  2 phantoms
  3 wolves (D:10)
  A lemure (D:5)
  4 centaurs
  2 big kobolds (Sewer)
  6 bullfrogs
  2 scorpions
  A water moccasin skeleton (D:9)
  4 killer bees (D:9)
  A howler monkey (D:4)
  2 bullfrog zombies
  A quasit (D:8)
  4 jellies
  4 orc priests
  4 hounds
  3 bullfrog skeletons
  Jessica (D:2)
  Terence (D:3)
  An iguana (D:8)
  Natasha (thrice) (D:2)
  11 orc wizards
  8 worker ants
  A hound skeleton (D:8)
  Robin (D:2)
  12 adders
  A river rat (Sewer)
  A shadow imp (D:5)
  3 white imps
  2 oozes
  An adder skeleton (D:4)
  4 worms
  5 dart slugs
  8 leopard geckos
  34 orcs
  5 ball pythons
  13 giant cockroaches
  19 goblins
  12 hobgoblins
  10 jackals
  3 quokkas
  10 bats
  4 frilled lizards
  19 kobolds
  A quokka zombie (D:8)
  14 rats
280 creatures vanquished.

Vanquished Creatures (collateral kills)
  A bullfrog (D:9)
1 creature vanquished.

Vanquished Creatures (others)
  2 plants (D:10)
2 creatures vanquished.

Grand Total: 283 creatures vanquished

Notes
Turn   | Place    | Note
-------+----------+-------------------------------------------
     0 | D:1      | zcampers the Minotaur Fighter began the quest for the Orb.
     0 | D:1      | Reached XP level 1. HP: 19/19 MP: 0/0
    45 | D:1      | Reached XP level 2. HP: 27/27 MP: 1/1
   427 | D:1      | Reached XP level 3. HP: 33/33 MP: 2/2
   772 | D:2      | Noticed Jessica
   781 | D:2      | Killed Jessica
   782 | D:2      | Reached XP level 4. HP: 34/41 MP: 3/3
   928 | D:2      | Noticed Robin
   945 | D:2      | Killed Robin
  1193 | D:2      | Noticed Natasha
  1197 | D:2      | Killed Natasha
  1198 | D:2      | Reached XP level 5. HP: 42/47 MP: 4/4
  1382 | D:2      | Noticed Natasha
  1387 | D:2      | Killed Natasha
  1416 | D:2      | Noticed Natasha
  1420 | D:2      | Killed Natasha
  1712 | D:3      | Noticed Terence
  1718 | D:3      | Killed Terence
  1719 | D:3      | Reached skill level 5 in Fighting
  1719 | D:3      | Reached skill level 5 in Armour
  1719 | D:3      | Reached skill level 5 in Shields
  1763 | D:3      | HP: 2/48 [poisoned by a kobold]
  2070 | D:3      | Found an opulent altar of Gozag.
  2322 | D:3      | Reached XP level 6. HP: 50/56 MP: 5/5
  2744 | D:4      | Got a shimmering chain mail
  2755 | D:4      | Identified the +2 chain mail of Apnea {rCorr Int+3} (You
                  | found it on level 4 of the Dungeon)
  2926 | D:4      | Found a transporter.
  2959 | D:4      | Found a transporter.
  3285 | D:4      | Found a burning altar of Makhleb.
  3289 | D:4      | Found a blossoming altar of Fedhas.
  3325 | D:5      | Entered Level 5 of the Dungeon
  3341 | D:5      | Noticed Pikel
  3347 | D:5      | Noticed Eustachio
  3350 | D:5      | Gained mutation: You expend magic power (3 MP) to
                  | strengthen your wands. [potion of mutation]
  3350 | D:5      | Gained mutation: You have sharp fingernails. [potion of
                  | mutation]
  3350 | D:5      | Gained mutation: Your muscles are strong. (Str +2) [potion
                  | of mutation]
  3361 | D:5      | Killed Pikel
  3362 | D:5      | Reached skill level 5 in Axes
  3362 | D:5      | Reached XP level 7. HP: 64/64 MP: 6/6
  3398 | D:5      | Killed Eustachio
  3399 | D:5      | Reached XP level 8. HP: 24/71 MP: 7/7
  4207 | D:6      | Reached XP level 9. HP: 44/81 MP: 8/8
  4465 | D:6      | Found a glowing drain.
  4494 | Sewer    | Entered a sewer
  5238 | D:5      | Found a glowing golden altar of the Shining One.
  5260 | D:5      | Found a sparkling altar of Nemelex Xobeh.
  5713 | D:7      | Noticed a troll
  5720 | D:7      | Killed a troll
  6051 | D:7      | Found Lubbiucu's Armour Shop.
  6056 | D:7      | Bought a +2 buckler of reflection for 259 gold pieces
  6083 | D:7      | Found a staircase to the Ecumenical Temple.
  6090 | Temple   | Entered the Ecumenical Temple
  6684 | D:7      | Found an iron altar of Okawaru.
  6690 | D:7      | Found a radiant altar of Vehumet.
  6702 | D:7      | Became a worshipper of Warmaster Okawaru
  6711 | D:7      | Found a hazy altar of Hepliaklqana.
  7193 | D:8      | Noticed a manticore
  7212 | D:8      | Killed a manticore
  7212 | D:8      | Reached * piety under Okawaru
  7569 | D:8      | Reached XP level 10. HP: 91/91 MP: 9/9
  7897 | D:8      | Reached skill level 1 in Invocations
  8613 | D:9      | Reached ** piety under Okawaru
  8886 | D:9      | Found a staircase to the Orcish Mines.
  9231 | D:9      | Reached skill level 10 in Shields
  9539 | D:9      | Found a staircase to the Lair.
  9575 | D:9      | Reached skill level 10 in Fighting
  9767 | D:9      | Reached skill level 10 in Armour
  9807 | D:9      | Found the +8 autumn katana {vorpal, Clar}
  9910 | D:10     | Entered Level 10 of the Dungeon
 10000 | D:10     | Found a runed translucent gate.
 10000 | D:10     | Noticed an 11-headed hydra
 10000 | D:10     | Noticed Grum
 10009 | D:10     | Found a runed translucent gate.
 10009 | D:10     | Noticed 0gre's ghost (journeyman GnIE)
 10013 | D:10     | Killed Grum
 10013 | D:10     | Reached *** piety under Okawaru
 10019 | D:10     | Found a runed translucent gate.
 10105 | D:10     | Noticed a gargoyle
 10118 | D:10     | Killed a gargoyle
 10118 | D:10     | Received a gift from Okawaru
 10218 | D:10     | Noticed Maggie
 10233 | D:10     | Killed Maggie
 10512 | D:10     | Reached skill level 10 in Axes
 10687 | D:10     | Noticed Erica
 10707 | D:10     | Killed Erica
 10708 | D:10     | Reached XP level 11. HP: 46/101 MP: 12/12
 11090 | D:10     | Slain by 0gre's ghost

Illustrated notes

Levels and vault maps discovered:
D:1:      nicolae_arrival_memento_mori, layout_basic
D:2:      layout_loops_ring, nicolae_overflow_hidden_temple,
          minmay_statues_item, uniq_natasha, uniq_robin, uniq_jessica
D:3:      layout_loops_ring, lemuel_coloured_pillars_altar, serial_park_tiny_2,
          hangedman_feature_mirror, uniq_terence
D:4:      gammafunk_wand_slinger, layout_rooms, minitemple, grunt_decor_cap
D:5:      layout_rooms, kennysheep_mini, old_standard_altar, uniq_eustachio,
          uniq_pikel
D:6:      layout_loops_ring, portal_sewer_entry_f
D:7:      layout_basic, minmay_overflow_temple_star_quad,
          minmay_temple_entry_hall, serial_shops, kennysheep_little_box
D:8:      layout_loops_ring, minmay_diamond_spiral
D:9:      layout_long_grid, lair_entry_dummy, david_orc_4
D:10:     layout_small_grid, gammafunk_ghost_hydra_chop, grunt_ministairs_2,
          uniq_grum, uniq_erica, uniq_maggie
Temple:   nicolae_temple_hex_pool

Skill      XL: |  1  2  3  4  5  6  7  8  9 10 |
---------------+-------------------------------+-----
Armour         | 4 5 6 7 9 10 | 10.4
Shields        | 4 5 6 7 9 10 | 10.5
Fighting       | 4 5 6 7 9 10 | 10.4
Axes           | 3 4 5 6 7 8 10 | 10.1
Invocations    | 3 |  3.8

Action                   |  1- 3 |  4- 6 |  7- 9 | 10-12 || total
-------------------------+-------+-------+-------+-------++-------
Melee: War axe           |    89 |   137 |   304 |   184 ||   714
       Headbutt          |     9 |    12 |    75 |    53 ||   149
       Scimitar          |       |       |       |     1 ||     1
Throw: Boomerang         |       |       |     2 |     2 ||     4
Invok: Heroism           |       |       |     1 |     1 ||     2
  Use: Potion            |       |     3 |    11 |     3 ||    17
       Scroll            |       |     2 |    10 |     5 ||    17
 Stab: Distracted        |       |       |     1 |       ||     1
Armor: Scale mail        |    55 |    10 |       |       ||    65
       Ring mail         |       |    41 |   133 |    71 ||   245
       Skin              |       |       |     3 |       ||     3
Dodge: Dodged            |    34 |    84 |   138 |   112 ||   368
Block: Kite shield       |    62 |   103 |   166 |       ||   331
       Buckler           |       |       |    33 |   103 ||   136
       Reflection        |       |       |     1 |     3 ||     4
       Rpst.: Scimitar   |       |       |       |     2 ||     2
